 Dungeon Sprint DCSS version 0.22-a0-750-ga7dcef7 (webtiles) character file.

3228 collin38 the Warrior (level 9, 0/97 HPs)
             Began as a Minotaur Fighter on July 15, 2018.
             Was the Champion of Jiyva.
             Slain by a swamp dragon (7 damage)
             ... called by a spriggan druid
             ... in the Dungeon (Sprint VII: "The Pits").
             The game lasted 00:07:59 (1277 turns).

collin38 the Warrior (Minotaur Fighter)             Turns: 1277, Time: 00:08:00

Health: 0/97       AC: 16    Str: 21    XL:     9   Next: 66%
Magic:  8/8        EV:  8    Int:  8    God:    Jiyva [******]
Gold:   0          SH: 12    Dex:  8    Spells: 8/8 levels left

rFire    . . .     SeeInvis .   p - +1 broad axe (chop)
rCold    . . .     Gourm    .   c - +0 shield
rNeg     . . .     Faith    .   q - +3 chain mail {MR+}
rPois    .         Spirit   .   (helmet restricted)
rElec    +         Reflect  .   (no cloak)
rCorr    +         Harm     .   (no gloves)
MR       ++++.     NoTele   +   (no boots)
Stlth    ..........             (no amulet)
HPRegen  0.26/turn              (no ring)
MPRegen  0.11/turn              (no ring)

@: lethally poisoned (0 -> -4), very slightly contaminated
A: retaliatory headbutt, horns 2, clumsy 1, magic resistance 3, electricity
resistance, gelatinous body 1, jelly absorbing missiles
a: Request Jelly, Slimify, Cure Bad Mutation, Renounce Religion


You were in the Dungeon.
You worshipped Jiyva.
Jiyva was exalted by your worship.
You were completely stuffed.

You visited 1 branch

Inventory:

Hand Weapons
 a - a +0 war axe
 p - a +1 broad axe of chopping (weapon)
Armour
 c - a +0 shield (worn)
 q - a +3 chain mail of magic resistance (worn)
 r - a +0 pair of boots
 s - a +0 cloak
Jewellery
 b - a +3 ring of intelligence
 d - a +3 ring of intelligence
Scrolls
 m - 3 scrolls of remove curse
 n - 5 scrolls of amnesia
Potions
 e - a potion of curing
 i - 4 potions of magic
Comestibles
 f - 9 rations


   Skills:
 * Level 15.2 Fighting
 * Level 15.0 Axes
 + Level 11.4 Armour
 + Level 11.4 Shields


You had 8 spell levels left.
You didn't know any spells.
Your spell library was empty.

Dungeon Overview and Level Annotations

Branches:
Dungeon (1/1)

Altars:
Ashenzari
Cheibriados
Dithmenos
Elyvilon
Fedhas
Gozag
Hepliaklqana
Kikubaaqudgha
Makhleb
Nemelex Xobeh
Okawaru
Qazlal
Ru
Sif Muna
Trog
Uskayaw
Vehumet
Wu Jian
Xom
Yredelemnul
Zin
The Shining One
Beogh
Jiyva
Lugonu


Innate Abilities, Weirdness & Mutations

You reflexively headbutt those who attack you in melee.
You have a pair of horns on your head.
You are clumsy. (Dex -2)
You are extremely resistant to the effects of hostile enchantments. (MR+++)
You are resistant to electric shocks. (rElec)
Your rubbery body absorbs attacks. (AC +1, EV +1)
You have a small jelly attached to you that may absorb incoming projectiles.


Message History

The swamp dragon bites you.
* * * LOW HITPOINT WARNING * * *
You block the swamp dragon's attack.
The swamp dragon tramples you but does no damage.
Unknown command.
Unknown command.
You feel better.
You are engulfed in poison gas.
You are poisoned.
* * * LOW HITPOINT WARNING * * *
You feel sick.
The floating eye looks as sick as possible!
The swamp dragon bites you.
* * * LOW HITPOINT WARNING * * *
You block the swamp dragon's attack.
The swamp dragon tramples you but does no damage.
Unknown command.
You slash the swamp dragon! You headbutt the swamp dragon.
The swamp dragon is severely wounded.
You feel sick. You block the swamp dragon's attack. The swamp dragon claws you!
You die...

###'##................#
).'.##......#..#......#
###.##................+
...J.'................+
'#####......#..#......#
.#J.##................#
.#..#####'#####''######
.#..##.......##G'#
##..##.......##.@#
.#.G##.......##.D# #
.#'###...<...##..# .##
....##.......##..# ...#
....##.......##..## W.t..
######.......##...##......
##..###########.....YtM3..
.#.############...##oM....
##.#....#....##..## .....


You could see a swamp dragon and a neutral floating eye (fellow slime).

Vanquished Creatures
  A death yak (D)
  A spriggan druid (D)
  Joseph (D)
  A guardian mummy (D)
  A porcupine (D)
  A necrophage (D)
  A wolf (D)
  A centaur (D)
  A crocodile (D)
  A gnoll shaman (D)
  An iron imp (D)
  Jessica (D)
  3 gnolls (D)
  An adder skeleton (D)
  2 leopard geckos (D)
  A bat skeleton (D)
  3 giant cockroaches (D)
  2 jackals (D)
  A ball python (D)
  A ball python skeleton (D)
  2 frilled lizards (D)
  A quokka simulacrum (D)
29 creatures vanquished.

Vanquished Creatures (collateral kills)
  A catoblepas (D)
  A shadow wraith (D)
  An orc sorcerer (D)
3 creatures vanquished.

Vanquished Creatures (others)
  A floating eye (D)
  A troll (D)
  An ogre (D)
  24 jellies (D)
  A bat (D)
28 creatures vanquished.

Grand Total: 60 creatures vanquished

Notes
Turn   | Place    | Note
-------+----------+-------------------------------------------
     0 | D        | collin38 the Minotaur Fighter began the quest for the Orb.
     0 | D        | Reached XP level 1. HP: 19/19 MP: 0/0
    37 | D        | Found a glowing golden altar of the Shining One.
    37 | D        | Found a glowing silver altar of Zin.
    37 | D        | Found a basalt altar of Yredelemnul.
    37 | D        | Found a shimmering altar of Xom.
    37 | D        | Found an ornate altar of the Wu Jian Council.
    37 | D        | Found a bloodstained altar of Trog.
    37 | D        | Found a deep blue altar of Sif Muna.
    37 | D        | Found a sacrificial altar of Ru.
    37 | D        | Found a stormy altar of Qazlal.
    37 | D        | Found an iron altar of Okawaru.
    37 | D        | Found a sparkling altar of Nemelex Xobeh.
    37 | D        | Found a burning altar of Makhleb.
    37 | D        | Found a viscous altar of Jiyva.
    37 | D        | Found a hazy altar of Hepliaklqana.
    37 | D        | Found an opulent altar of Gozag.
    37 | D        | Found a blossoming altar of Fedhas.
    37 | D        | Found a white marble altar of Elyvilon.
    37 | D        | Found a shadowy altar of Dithmenos.
    37 | D        | Found a snail-covered altar of Cheibriados.
    38 | D        | Found a radiant altar of Vehumet.
    38 | D        | Found a corrupted altar of Lugonu.
    38 | D        | Found a roughly hewn altar of Beogh.
    40 | D        | Found an ancient bone altar of Kikubaaqudgha.
    40 | D        | Found a hide-covered altar of Uskayaw.
    40 | D        | Found a shattered altar of Ashenzari.
    46 | D        | Became a worshipper of Jiyva Juumodd the Shapeless
    55 | D        | Reached * piety under Jiyva
    55 | D        | Reached ** piety under Jiyva
    57 | D        | Reached *** piety under Jiyva
    57 | D        | Gained mutation: You possess an exceptional clarity of mind. [Jiyva's grace]
    60 | D        | Reached **** piety under Jiyva
    60 | D        | Gained mutation: Your translucent skin slightly reduces your foes' accuracy. (Stealth) [Jiyva's grace]
    63 | D        | Reached ***** piety under Jiyva
    63 | D        | Lost mutation: You possess an exceptional clarity of mind. [Jiyva's grace]
    64 | D        | Gained mutation: You are partially covered in yellow scales. (AC +2) [Jiyva's grace]
   148 | D        | Lost mutation: You are partially covered in yellow scales. (AC +2) [Jiyva's grace]
   148 | D        | Reached ****** piety under Jiyva
   149 | D        | Noticed a floating eye
   162 | D        | Reached XP level 2. HP: 22/28 MP: 1/1
   167 | D        | Gained mutation: Your rubbery body absorbs attacks. (AC +1, EV +1) [Jiyva's grace]
   180 | D        | Reached skill level 5 in Fighting
   180 | D        | Reached skill level 5 in Axes
   180 | D        | Reached XP level 3. HP: 13/37 MP: 2/2
   486 | D        | Gained mutation: You have sharp toenails. [Jiyva's grace]
   490 | D        | Lost mutation: Your rubbery body absorbs attacks. (AC +1, EV +1) [Jiyva's grace]
   491 | D        | Gained mutation: You have razor-sharp toenails. [Jiyva's grace]
   493 | D        | Gained mutation: You can translocate small distances at will. [Jiyva's grace]
   494 | D        | Lost mutation: Your translucent skin slightly reduces your foes' accuracy. (Stealth) [Jiyva's grace]
   494 | D        | Lost mutation: You have razor-sharp toenails. [Jiyva's grace]
   494 | D        | Gained mutation: You are frail. (-10% HP) [Jiyva's grace]
   505 | D        | Gained mutation: You have acidic saliva. [Jiyva's grace]
   505 | D        | Gained mutation: You are partially covered in slimy green scales. (AC +2) [Jiyva's grace]
   531 | D        | Noticed a porcupine
   545 | D        | Noticed a floating eye
   546 | D        | Reached skill level 5 in Armour
   546 | D        | Reached skill level 5 in Shields
   546 | D        | Reached XP level 4. HP: 34/40 MP: 3/3
   572 | D        | Gained mutation: You have a pair of large horns on your head. [Jiyva's grace]
   573 | D        | Gained mutation: You are covered in slimy tendrils that may disarm your opponents. [Jiyva's grace]
   575 | D        | Lost mutation: You are frail. (-10% HP) [Jiyva's power]
   576 | D        | Lost mutation: You have a pair of large horns on your head. [Jiyva's grace]
   578 | D        | Killed a porcupine
   578 | D        | Reached XP level 5. HP: 55/56 MP: 4/4
   587 | D        | Noticed a centaur
   593 | D        | Killed a centaur
   593 | D        | Reached XP level 6. HP: 58/64 MP: 5/5
   613 | D        | Noticed a guardian mummy
   619 | D        | Slimified a guardian mummy
   619 | D        | Noticed a death ooze
   619 | D        | a guardian mummy changed into a death ooze
   621 | D        | Lost mutation: You can translocate small distances at will. [Jiyva's grace]
   622 | D        | Noticed Jessica
   622 | D        | Noticed a troll
   626 | D        | Killed Jessica
   628 | D        | Killed a troll
   628 | D        | Reached skill level 10 in Fighting
   628 | D        | Reached skill level 10 in Axes
   629 | D        | Lost mutation: You have sharp toenails. [Jiyva's grace]
   655 | D        | Reached XP level 7. HP: 36/74 MP: 6/6
   656 | D        | Gained mutation: Your system is resistant to poisons. (rPois) [Jiyva's grace]
   868 | D        | Lost mutation: You are partially covered in slimy green scales. (AC +2) [Jiyva's grace]
   869 | D        | Lost mutation: Your system is resistant to poisons. (rPois) [Jiyva's grace]
   870 | D        | Gained mutation: Your mind is acute. (Int +2) [Jiyva's grace]
   872 | D        | Gained mutation: Armour fits poorly on your strangely shaped body. [Jiyva's grace]
   876 | D        | Gained mutation: Armour fits poorly on your pseudopods. [Jiyva's grace]
   878 | D        | Gained mutation: You have a small jelly attached to you that senses nearby items. [Jiyva's grace]
   885 | D        | Lost mutation: You have a small jelly attached to you that senses nearby items. [Jiyva's grace]
   915 | D        | Lost mutation: Your mind is acute. (Int +2) [Jiyva's grace]
   915 | D        | Gained mutation: You have supernaturally acute eyesight. (SInv) [Jiyva's grace]
   929 | D        | Lost mutation: Armour fits poorly on your strangely shaped body. [Jiyva's power]
   987 | D        | Noticed Joseph
   994 | D        | Gained mutation: You are clumsy. (Dex -2) [Jiyva's grace]
  1005 | D        | Killed Joseph
  1033 | D        | Lost mutation: You have acidic saliva. [Jiyva's grace]
  1037 | D        | Gained mutation: Your translucent skin slightly reduces your foes' accuracy. (Stealth) [Jiyva's grace]
  1041 | D        | Gained mutation: You are resistant to hostile enchantments. (MR+) [Jiyva's grace]
  1044 | D        | Gained mutation: Your spells are a little harder to cast, but a little more powerful. [Jiyva's grace]
  1137 | D        | Lost mutation: Armour fits poorly on your pseudopods. [Jiyva's grace]
  1139 | D        | Lost mutation: Your spells are a little harder to cast, but a little more powerful. [Jiyva's grace]
  1144 | D        | Lost mutation: You are resistant to hostile enchantments. (MR+) [Jiyva's grace]
  1147 | D        | Gained mutation: You are resistant to electric shocks. (rElec) [Jiyva's grace]
  1147 | D        | Lost mutation: Your translucent skin slightly reduces your foes' accuracy. (Stealth) [Jiyva's grace]
  1147 | D        | Lost mutation: You are covered in slimy tendrils that may disarm your opponents. [Jiyva's grace]
  1147 | D        | Gained mutation: You have acidic saliva. [Jiyva's grace]
  1149 | D        | Gained mutation: You can translocate small distances at will. [Jiyva's grace]
  1149 | D        | Gained mutation: Your rubbery body absorbs attacks. (AC +1, EV +1) [Jiyva's grace]
  1150 | D        | Gained mutation: Your muscles are strong. (Str +2) [Jiyva's grace]
  1151 | D        | Gained mutation: You are resistant to hostile enchantments. (MR+) [Jiyva's grace]
  1151 | D        | Gained mutation: You are highly resistant to hostile enchantments. (MR++) [Jiyva's grace]
  1152 | D        | Noticed a shadow wraith
  1152 | D        | Noticed a catoblepas
  1153 | D        | Noticed a guardian mummy
  1153 | D        | Noticed an orc sorcerer
  1153 | D        | Gained mutation: Armour fits poorly on your pseudopods. [Jiyva's grace]
  1153 | D        | Lost mutation: You can translocate small distances at will. [Jiyva's grace]
  1156 | D        | Lost mutation: You have acidic saliva. [Jiyva's grace]
  1157 | D        | Gained mutation: Your flesh is heat resistant. (rF+) [Jiyva's grace]
  1157 | D        | Lost mutation: Your flesh is heat resistant. (rF+) [Jiyva's grace]
  1159 | D        | Gained mutation: Your body has grown golden eyes which may confuse attackers. (Acc +3) [Jiyva's grace]
  1168 | D        | Noticed a sun demon
  1175 | D        | Noticed a sixfirhy
  1204 | D        | Killed a shadow wraith
  1204 | D        | Reached XP level 8. HP: 63/85 MP: 7/7
  1206 | D        | Killed an orc sorcerer
  1206 | D        | Killed a catoblepas
  1206 | D        | Reached skill level 10 in Armour
  1206 | D        | Reached skill level 10 in Shields
  1208 | D        | Killed a guardian mummy
  1211 | D        | Lost mutation: You have supernaturally acute eyesight. (SInv) [Jiyva's grace]
  1212 | D        | Gained mutation: You are extremely resistant to the effects of hostile enchantments. (MR+++) [Jiyva's grace]
  1212 | D        | Lost mutation: Your body has grown golden eyes which may confuse attackers. (Acc +3) [Jiyva's grace]
  1219 | D        | Lost mutation: Armour fits poorly on your pseudopods. [Jiyva's grace]
  1247 | D        | Noticed a spriggan druid
  1250 | D        | Reached XP level 9. HP: 64/95 MP: 8/8
  1255 | D        | Noticed a death yak
  1259 | D        | Killed a spriggan druid
  1262 | D        | Killed a death yak
  1262 | D        | Reached skill level 15 in Fighting
  1265 | D        | Noticed a swamp dragon
  1266 | D        | Lost mutation: Your muscles are strong. (Str +2) [Jiyva's grace]
  1270 | D        | Reached skill level 15 in Axes
  1272 | D        | Gained mutation: You have a small jelly attached to you that may absorb incoming projectiles. [Jiyva's grace]
  1277 | D        | Slain by a swamp dragon

Vault maps used:
D:        pitsprint

Skill      XL: |  1  2  3  4  5  6  7  8  9 |
---------------+----------------------------+-----
Fighting       | 4 5 6 8 9 11 12 14 15 | 15.2
Axes           | 3 5 8 9 10 12 13 15 | 15.0
Armour         | 4 5 6 7 8 9 10 11 | 11.4
Shields        | 4 5 6 7 8 9 10 11 | 11.4

Action                   |  1- 3 |  4- 6 |  7- 9 || total
-------------------------+-------+-------+-------++-------
Melee: War axe           |    38 |    31 |    24 ||    93
       Headbutt          |     4 |     8 |    10 ||    22
       Bite              |     2 |     6 |     3 ||    11
       Kick              |       |     8 |       ||     8
       Broad axe         |       |       |    28 ||    28
       Pseudopods        |       |       |     4 ||     4
Invok: Cure Bad Mutation |       |     1 |     1 ||     2
       Slimify           |       |     1 |     1 ||     2
  Use: Potion            |     1 |     2 |     9 ||    12
       Scroll            |       |       |     2 ||     2
 Stab: Paralysed         |       |       |     3 ||     3
Armor: Scale mail        |    14 |       |       ||    14
       Chain mail        |     2 |    16 |    17 ||    35
Dodge: Dodged            |    10 |    11 |    16 ||    37
Block: Shield            |    24 |    21 |    26 ||    71

Table legend:
 A = Spawn XP
 B = Non-spawn XP
 C = Spawn XP percentage of total XP
 D = Spawn monster count
 E = Non-spawn monster count
 F = Spawn count percentage of total count
 G = Total turns spent on level
                    A         B        C        D         E        F      G
               +---------+---------+-------+---------+---------+-------+---------
         Total |       0 |    4612 |   0.0 |       0 |      34 |   0.0 |  1277
               +---------+---------+-------+---------+---------+-------+---------
             D |       0 |    4612 |   0.0 |       0 |      34 |   0.0 |  1277
               +---------+---------+-------+---------+---------+-------+---------
